Build Orders - Match 24929172 - cohdb - Company of Heroes 3 Replays
cohdb
Replays
Latest Replays
All Replays
Popular Replays
Top Player Replays
Match Explorer
How It Works
Community
CoH3 Stats
Reddit
Sign in to upload your games and track your stats! →
Sign in with Steam
Match 24929172
Unlisted
Match 24929172
Overview
Messages
Build Orders
End
Panzergrenadier Squad
Kradschützen Motorcycle Team
Panzergrenadier Squad
Construct Light Support Kompanie
Assault Grenadier Squad
Panzerjäger Squad
Construct Mechanized Kompanie
Selects Armored Support Battlegroup
Selects Superior Fire Drills
8 Rad Armored Car
Panzerjäger Mechanized Group
Support Armor Elements
Selects Salvage Kits
Selects Panzer Storm
StuG III D Assault Gun
Vehicle Survival Package
StuG III D Assault Gun
Selects Stuka Anti-tank Loiter
Stuka Anti-tank Loiter
Panzergrenadier Squad
Advanced Field Repairs
Panzerjäger Mechanized Group
Panzerjäger Squad
Stuka Anti-tank Loiter
Panzerjäger Squad
DeathlySilent
ConcernedApe
0
0
Comments
sign in to comment!
No comments posted yet!